 Dungeon Crawl Stone Soup version 0.31-a0-188-g5e087ee2ca (webtiles) character file.

Game seed: 6363601884290141418

41 qw the Shooter (level 3, 0/20 HPs)
             Began as a Deep Elf Hunter on June 23, 2023.
             Succumbed to their own poison gas
             ... on level 2 of the Dungeon.
             The game lasted 00:00:23 (1268 turns).

qw the Shooter (Deep Elf Hunter)                    Turns: 1268, Time: 00:00:24

Health: 0/20       AC:  4    Str: 10    XL:     3   Next: 32%
Magic:  5/5        EV: 12    Int: 13    God:
Gold:   53         SH:  0    Dex: 18    Spells: 2/2 levels left

rFire   . . .        Y - +0 shortbow
rCold   + . .        (shield currently unavailable)
rNeg    . . .        c - +0 leather armour
rPois   .            (no helmet)
rElec   .            (no cloak)
rCorr   .            (no gloves)
SInv    .            d - +0 pair of boots
Will    .....        (no amulet)
Stlth   ++           g - ring of protection from cold
HPRegen 0.23/turn    (no ring)
MPRegen 0.09/turn

%: no passive effects
@: lethally poisoned (0 -> -12), attractive
A: no striking features
a: no special abilities


You were on level 2 of the Dungeon.
You visited 1 branch of the dungeon, and saw 2 of its levels.

You collected 75 gold pieces.
You spent 22 gold pieces at shops.


   Skills:
 - Level 1.5 Fighting
 + Level 6.9 Ranged Weapons
 - Level 2.4 Dodging
 - Level 1.2 Stealth


You had 2 spell levels left.
You didn't know any spells.
Your spell library was empty.

Inventory:

Hand Weapons
 Y - a +0 shortbow (weapon)
Armour
 c - a +0 leather armour (worn)
 d - a +0 pair of boots (worn)
Jewellery
 g - a ring of protection from cold (left hand)
Scrolls
 e - 3 scrolls of identify

Dungeon Overview and Level Annotations

Branches:
Dungeon (2/15)

Altars:

Shops:
D:2 ?


Message History

1261 ||| UPGRADING to ring of protection from cold.
g - a ring of protection from cold (left hand) Done exploring.
1262 ||| READING scroll labelled UREWKI XOSOMOF.
The air fills with toxic fumes!
As you read the scroll labelled UREWKI XOSOMOF, it crumbles to dust.
It was a scroll of poison.
Done exploring.
1263 ||| READING scroll labelled BYMONI CAULEWU.
As you read the scroll labelled BYMONI CAULEWU, it crumbles to dust.
It is a scroll of enchant armour.
Really abort (and waste the scroll)?
Done exploring.
1264 ||| DRINKING 2 black potions.
It was a potion of attraction.
You feel attractive to monsters.
Done exploring.
1265 ||| DROPPING potion of attraction.
You drop a potion of attraction.
Done exploring.
(D) Dungeon
Where to? (* - list waypoints, Enter - D:2, ? - help)
What level of the Dungeon? (default 1, ? - help) Sorry, I don't know how to get there.
Enter note:
Enter note:
Enter note:
Enter note:
Enter note:
Enter note:
Enter note:
Enter note:
Enter note: Really walk into that cloud of poison gas?
You are engulfed in poison gas.
You are lethally poisoned!
You feel very sick.
1267 ||| Stepping ~*~*~tactically~*~*~ (cloud).
You feel very sick.
You see here a potion of attraction.
There is a lethal amount of poison in your body!
You die...

####### #......
######## #.#####
#¤¤¤00¤#####.#####
#@####.#........##
#¤##.....###.##...
#0##.#.### #......
#0.....# #######
####.### ###.#.##
##### #......##
##...##
##.###.#.###.....##
#..# #.##.#.......#


There were no monsters in sight!

Vanquished Creatures
  A dart slug (D:2)
  3 endoplasms
  A giant cockroach (D:2)
  4 goblins
  2 hobgoblins (D:2)
  5 jackals
  7 kobolds
  A quokka (D:1)
  A ball python (D:1)
  3 bats
  2 frilled lizards (D:1)
  5 rats
35 creatures vanquished.

Notes
Turn   | Place    | Note
-------+----------+-------------------------------------------
     0 | D:1      | qw the Deep Elf Hunter began the quest for the Orb.
     0 | D:1      | Reached XP level 1. HP: 12/12 MP: 3/3
     0 | D:1      | 0 ||| qw: Version: 0.3-a-9-g12657ce
     0 | D:1      | 0 ||| qw: Game counter: 4065
     0 | D:1      | 0 ||| qw: Always use a shield: true
     0 | D:1      | 0 ||| qw: God list: Okawaru
     0 | D:1      | 0 ||| qw: Allow faded altars: false
     0 | D:1      | 0 ||| qw: Do Orc after D:15 true
     0 | D:1      | 0 ||| qw: Do second Lair branch before Depths: true
     0 | D:1      | 0 ||| qw: Lair rune preference: random
     0 | D:1      | 0 ||| qw: Plans: Normal
     0 | D:1      | 0 ||| PLANNING D:1-11
    74 | D:1      | Reached XP level 2. HP: 14/16 MP: 4/4
    89 | D:1      | Reached skill level 6 in Ranged Weapons
   554 | D:1      | 554 ||| Stepping ~*~*~tactically~*~*~ (water).
   670 | D:1      | 670 ||| UPGRADING to +0 pair of boots.
   675 | D:1      | 675 ||| READING scroll labelled UMMIWN FOEJOCK.
   676 | D:1      | 676 ||| DROPPING scroll of butterflies.
   788 | D:2      | Found Fourghixt's Magic Scroll Boutique.
   793 | D:2      | 793 ||| SHOPLISTING scroll of brand weapon (104 gold, have
                  | 40).
   793 | D:2      | 793 ||| BUYING scroll of identify (22 gold).
   793 | D:2      | Bought a scroll of identify for 22 gold pieces
   793 | D:2      | 793 ||| SHOPLISTING scroll of identify (22 gold, have 18).
   793 | D:2      | 793 ||| SHOPLISTING scroll of teleportation (33 gold, have
                  | 18).
   819 | D:2      | Reached XP level 3. HP: 20/20 MP: 5/5
  1261 | D:2      | 1261 ||| UPGRADING to ring of protection from cold.
  1262 | D:2      | 1262 ||| READING scroll labelled UREWKI XOSOMOF.
  1263 | D:2      | 1263 ||| READING scroll labelled BYMONI CAULEWU.
  1264 | D:2      | 1264 ||| DRINKING 2 black potions.
  1265 | D:2      | 1265 ||| DROPPING potion of attraction.
  1267 | D:2      | 1267 ||| Stepping ~*~*~tactically~*~*~ (cloud).
  1267 | D:2      | HP: 2/20 [poisoned by you (poison gas)]
  1268 | D:2      | Succumbed to their own poison gas

Levels and vault maps discovered:
D:1:      lightli_arrival_isolated_outpost, layout_loops_ring
D:2:      layout_loops_cross, serial_shops, shop

Skill      XL: |  1  2 |
---------------+-------+-----
Ranged Weapons | 6 |  6.9
Fighting       | |  1.5
Dodging        | |  2.4
Stealth        | |  1.2

Action                     || total
---------------------------++-------
   Fire: Shortbow          ||    83
    Use: Scroll            ||     3
         Potion            ||     1
 Armour: Leather armour    ||     3
  Dodge: Dodged            ||    13

Table legend:
 A = Non-vault XP
 B = Vault XP
 C = Vault XP percentage of total XP
 D = Non-vault monster count
 E = Vault monster count
 F = Vault count percentage of total count
                 A         B        C        D         E       F
            +---------+---------+-------+---------+---------+-------
      Total |      59 |       0 |   0.0 |      35 |       0 |   0.0
            +---------+---------+-------+---------+---------+-------
        D:1 |      31 |       0 |   0.0 |      21 |       0 |   0.0
        D:2 |      28 |       0 |   0.0 |      14 |       0 |   0.0
            +---------+---------+-------+---------+---------+-------
